Map: Alcyone LE

Players

iceau - Winner!

  • Race: Protoss Protoss
  • League: Master
  • Spawn Location: 7:00

Bearhug

  • Race: Zerg Zerg
  • Spawn Location: 1:00

VOD

Have the link to the VOD?

Description

Time

  • Played on: Oct. 8, 2024, 2:40 a.m.
  • Length: 12:14
Show
View Real Time Build Order
Export as new Build Order

iceau Protoss - Winner!

Build Orders: 1 Gate Expand, Oracle Opening, Archon Immortal 

Get SALT Encoding   

  12  0:02  Probe  
  13  0:14  Probe  
  14  0:22  Pylon  
  14  0:26  Probe  
  15  0:40  Probe  
  16  0:43  Gateway  
  16  0:52  Probe  
  16  0:53  Assimilator  
  18  1:04  Probe (Chrono Boost)  
  18  1:16  Probe (Chrono Boost)  
  19  1:21  Probe (Chrono Boost)  
  20  1:33  Nexus  
  20  1:48  Cybernetics Core  
  20  1:59  Probe (Chrono Boost)  
  21  2:05  Pylon  
  22  2:08  Assimilator  
  22  2:09  Probe (Chrono Boost)  
  22  2:14  Pylon  
  22  2:16  Probe  
  22  2:21  Adept (Chrono Boost)  
  23  2:28  Probe  
  26  2:40  Probe  
  26  2:44  Adept (Chrono Boost)  
  28  2:51  Probe  
  28  2:52  Probe, Stargate  
  28  2:53  Warp Gate  
  30  3:03  Probe  
  31  3:07  Probe  
  31  3:09  Stalker (Chrono Boost)  
  34  3:15  Probe  
  35  3:22  Probe  
  36  3:28  Probe  
  36  3:30  Adept (Chrono Boost)  
  39  3:34  Probe  
  40  3:42  Probe (Chrono Boost)  
  42  3:51  Probe (Chrono Boost)  
  42  3:54  Probe (Chrono Boost)  
  43  3:59  Oracle  
  43  4:00  Probe (Chrono Boost)  
  43  4:01  Probe (Chrono Boost)  
  48  4:11  Probe  
  48  4:13  Twilight Council  
  48  4:15  Robotics Facility  
  49  4:17  Nexus  
  49  4:19  Pylon  
  49  4:22  Probe  
  49  4:23  Probe  
  51  4:34  Probe  
  52  4:49  Probe x2  
  52  4:50  Charge (Chrono Boost)  
  50  4:53  Pylon  
  50  4:58  Forge  
  50  5:00  Gateway x2  
  50  5:01  Probe (Chrono Boost)  
  50  5:03  Observer, Assimilator  
  50  5:04  Assimilator  
  53  5:07  Probe (Chrono Boost)  
  53  5:11  Probe (Chrono Boost)  
  54  5:15  Shield Battery  
  54  5:16  Shield Battery  
  55  5:21  Immortal (Chrono Boost)  
  55  5:22  Probe (Chrono Boost)  
  55  5:27  Adept  
  61  5:29  Probe (Chrono Boost)  
  63  5:38  Probe (Chrono Boost)  
  63  5:39  Probe (Chrono Boost)  
  63  5:41  Protoss Ground Weapons Level 1  
  64  5:44  Probe (Chrono Boost)  
  64  5:46  Probe, Pylon  
  66  5:50  Gateway  
  66  5:51  Gateway  
  66  5:53  Gateway  
  66  5:54  Probe  
  66  5:55  Probe  
  66  5:56  Pylon  
  68  6:02  Templar Archives  
  68  6:03  Pylon  
  68  6:08  Zealot  
  68  6:09  Robotics Facility  
  70  6:12  Probe, Zealot  
  70  6:13  Probe  
  75  6:19  Probe (Chrono Boost)  
  75  6:25  Gateway, Probe (Chrono Boost), Zealot  
  79  6:31  Probe (Chrono Boost)  
  80  6:35  Probe x2 (Chrono Boost)  
  81  6:40  Zealot  
  81  6:46  Immortal (Chrono Boost)  
  88  6:47  Probe  
  88  6:50  Nexus  
  88  6:51  Pylon  
  88  6:53  Zealot x2  
  92  6:59  Immortal (Chrono Boost)  
  96  7:03  High Templar x2  
  96  7:07  Archon  
  100  7:09  Zealot, Assimilator  
  100  7:10  Zealot  
  100  7:11  Probe x3  
  107  7:17  Zealot  
  107  7:18  Zealot  
  107  7:22  Pylon  
  111  7:26  Gateway  
  111  7:28  Probe x2  
  111  7:29  Gateway  
  113  7:30  Zealot  
  113  7:36  Stalker  
  117  7:45  Pylon  
  117  7:47  Pylon  
  117  7:55  Protoss Ground Weapons Level 2 (Chrono Boost)  
  117  8:00  Dark Shrine  
  117  8:03  Observer  
  117  8:04  Gateway  
  117  8:05  Gateway  
  117  8:09  Gateway  
  117  8:10  Probe (Chrono Boost)  
  117  8:11  Gateway  
  121  8:15  Probe (Chrono Boost), Photon Cannon x2  
  121  8:16  Probe x2 (Chrono Boost)  
  121  8:20  Photon Cannon  
  121  8:23  Zealot  
  121  8:24  Probe (Chrono Boost), Zealot x5  
  134  8:28  Zealot x2  
  134  8:30  Zealot  
  134  8:31  Probe  
  134  8:32  Probe  
  142  8:47  Zealot x4  
  142  8:48  Zealot x3  
  108  8:56  Immortal x2 (Chrono Boost)  
  108  8:57  High Templar x2  
  110  9:04  High Templar x2  
  110  9:06  Archon  
  110  9:08  Stalker x4  
  120  9:13  Archon  
  120  9:17  Zealot x5  
  124  9:25  Immortal (Chrono Boost)  
  128  9:35  Dark Templar x4  
  120  9:41  Zealot x5  
  111  9:48  Zealot x3  
  101  9:54  Zealot  
  93  10:02  Zealot  
  93  10:03  Zealot x4  
  101  10:15  High Templar x2  
  101  10:16  High Templar  
  101  10:17  High Templar  
  101  10:20  Archon  
  109  10:21  Archon  
  109  10:22  Zealot  
  109  10:23  Zealot x7  
  125  10:41  Nexus  
  125  10:49  Robotics Bay  
  125  10:51  Zealot  
  125  10:52  Zealot x7  
  125  10:53  Dark Templar  
  125  10:54  Dark Templar  
  141  10:59  Dark Templar  
  141  11:00  Dark Templar x2  
  141  11:03  Zealot x2  
  135  11:14  Dark Templar  
  135  11:16  Zealot x6  
  140  11:27  Zealot x2  
  136  11:39  Pylon  
  136  11:45  Pylon  
  136  11:46  Assimilator  
  136  11:48  Assimilator  
  118  12:02  Zealot x2  
  118  12:03  Zealot x9  
Show
View Real Time Build Order
Export as new Build Order

Bearhug Zerg 

Build Orders: Pool First, Roach Hydra 

Get SALT Encoding   

  12  0:00  Drone  
  13  0:15  Overlord  
  13  0:20  Drone  
  14  0:35  Drone x2  
  16  0:45  Spawning Pool, Drone  
  16  0:53  Drone  
  17  1:11  Extractor  
  17  1:15  Hatchery  
  15  1:27  Drone x3  
  18  1:42  Drone  
  18  1:44  Queen  
  21  1:52  Drone  
  22  2:00  Overlord  
  22  2:20  Hatchery  
  21  2:27  Drone  
  21  2:28  Drone x2  
  24  2:32  Queen  
  26  2:38  Metabolic Boost  
  26  2:52  Drone  
  26  2:53  Drone x3  
  26  2:54  Drone x2  
  32  2:59  Zergling x2  
  32  3:00  Zergling x2  
  32  3:03  Zergling x2  
  35  3:07  Overlord  
  35  3:14  Overlord  
  35  3:18  Zergling x2  
  36  3:25  Queen  
  36  3:27  Overlord, Drone  
  38  3:28  Drone  
  40  3:38  Queen  
  42  3:43  Drone x3  
  45  3:49  Drone x2  
  45  3:53  Drone x5  
  52  3:58  Overlord  
  52  4:00  Drone x2  
  54  4:06  Overlord  
  54  4:17  Lair  
  54  4:19  Spore Crawler  
  54  4:20  Spore Crawler  
  54  4:22  Spore Crawler, Queen  
  54  4:23  Drone x2  
  54  4:31  Roach Warren  
  49  4:51  Drone  
  49  4:52  Drone x5  
  54  4:55  Drone x5  
  54  4:59  Extractor  
  58  5:00  Extractor, Drone  
  58  5:03  Drone  
  58  5:04  Evolution Chamber, Drone  
  58  5:06  Drone  
  60  5:17  Drone  
  60  5:18  Drone x5  
  66  5:22  Glial Reconstitution  
  66  5:30  Zerg Missile Weapons Level 1  
  66  5:32  Drone x2  
  66  5:33  Extractor  
  66  5:37  Drone x2  
  66  5:38  Drone x4  
  72  5:52  Hydralisk Den  
  72  5:53  Overlord x3  
  71  6:00  Hatchery  
  71  6:01  Extractor, Drone x2  
  71  6:02  Extractor, Drone x2  
  71  6:03  Drone  
  73  6:04  Overlord x2  
  73  6:22  Drone x3  
  76  6:27  Drone x3  
  76  6:29  Overlord x2  
  76  6:30  Roach  
  76  6:31  Roach x4  
  89  6:35  Muscular Augments  
  89  6:36  Hydralisk  
  89  6:39  Hydralisk  
  93  6:44  Hydralisk  
  95  6:48  Hydralisk  
  95  6:52  Hydralisk  
  98  6:56  Hydralisk  
  98  6:58  Hydralisk  
  102  7:01  Hydralisk  
  104  7:08  Hydralisk  
  104  7:09  Hydralisk  
  104  7:15  Queen  
  110  7:16  Queen x2  
  110  7:17  Queen  
  110  7:19  Overlord x2  
  110  7:20  Hydralisk, Overlord  
  110  7:21  Hydralisk x3  
  124  7:23  Hydralisk  
  124  7:26  Hydralisk  
  124  7:29  Hydralisk  
  130  7:32  Roach  
  130  7:33  Roach  
  134  7:37  Overlord x2  
  134  7:39  Grooved Spines  
  134  7:40  Roach  
  134  7:41  Roach x4  
  144  8:00  Roach x2  
  144  8:01  Roach x7  
  144  8:03  Zerg Missile Weapons Level 2  
  160  8:07  Overseer  
  160  8:10  Roach x2  
  164  8:16  Roach x2  
  164  8:17  Roach x3  
  164  8:19  Roach  
  176  8:25  Overlord x4  
  176  8:38  Overlord x3  
  176  8:47  Roach  
  176  8:48  Roach x10  
  180  8:51  Roach x3  
  180  8:53  Roach  
  168  8:56  Roach x2  
  168  8:58  Roach  
  168  9:00  Roach  
  172  9:12  Roach x7  
  172  9:13  Roach  
  180  9:19  Hydralisk  
  180  9:20  Hydralisk x2  
  180  9:23  Hydralisk  
  186  9:24  Hydralisk  
  144  9:46  Roach x12  
  144  9:48  Roach  
  134  10:01  Roach x7  
  146  10:16  Roach x4  
  154  10:31  Roach  
  154  10:32  Roach x6  
  168  10:40  Roach  
  168  10:41  Roach x3  
  176  10:49  Drone  
  133  11:24  Roach x6  
  133  11:25  Roach x17  
  139  11:41  Spire  
  139  11:46  Roach x5  
  143  11:56  Overlord x2  
Tags
 
Add a new tag
Caveats
  • Supply blocks, unpowered buildings, or Contaminate may cause inaccurate times.
  • Supply counts are checked every 10 seconds.